 Dungeon Crawl Stone Soup version 0.27.1-35-g4d5d836560 (console) character file.

Game seed: 13830332194497423204

130870 grimtooth the Earth Mage (level 17, -2/124 HPs)
             Began as a Formicid Venom Mage on Nov 30, 2022.
             Was a High Priest of Hepliaklqana.
             Killed from afar by a will-o-the-wisp (5 damage)
             ... with a foxfire
             ... on level 3 of the Swamp.
             The game lasted 04:34:11 (30593 turns).

grimtooth the Earth Mage (Formicid Venom Mage)     Turns: 30593, Time: 04:34:12

Health: -2/124     AC: 19    Str: 19    XL:     17   Next: 65%
Magic:  9/35       EV: 14    Int: 20    God:    Hepliaklqana [*****.]
Gold:   1860       SH: 11    Dex: 15    Spells: 8/28 levels left

rFire    + . .     SeeInvis +   a - +4 dagger (drain)
rCold    . . .     Faith    .   E - +0 kite shield
rNeg     + . .     Spirit   .   n - +0 acid dragon scales
rPois    .         Reflect  .   (helmet unavailable)
rElec    .         Harm     .   V - +0 cloak
rCorr    +         Rampage  .   c - +2 pair of gloves
Will     +....                  R - +1 pair of boots
Stlth    ++++......             T - amulet of regeneration
HPRegen  1.30/turn              J - ring "Amimn" {rF+ AC+4 Dex+4}
MPRegen  0.24/turn              o - ring "Uxealoah" {rN+ rCorr MP+9 Int+4 Slay+2}

@: no status effects
A: reduced essence, permanent stasis, dig shafts and tunnels, antennae 3, four
strong arms
a: Dig, Shaft Self, Renounce Religion, Recall Ancestor, Ancestor Identity,
Transference, Idealise


You were on level 3 of the Swamp.
You worshipped Hepliaklqana.
Hepliaklqana was extremely pleased with you.
You visited 5 branches of the dungeon, and saw 26 of its levels.
You also visited: Bailey.

You collected 2936 gold pieces.
You spent 1076 gold pieces at shops.

Inventory:

Hand Weapons
 a - a +4 dagger of draining (weapon)
 b - a +5 vorpal dire flail
Missiles
 i - 4 throwing nets {=f}
 k - 74 poisoned darts (quivered)
 t - 227 stones
 B - 8 curare-tipped darts
Armour
 c - a +2 pair of gloves (worn)
 n - +0 acid dragon scales (worn)
 E - a +0 kite shield (worn)
 R - a +1 pair of boots (worn)
 V - a +0 cloak (worn)
Magical Staves
 e - a staff of earth
Jewellery
 f - a ring of ice
 o - the ring "Uxealoah" (right hand) {rN+ rCorr MP+9 Int+4 Slay+2}
   (You acquired it on level 11 of the Dungeon)

   [ring of positive energy]

   Int:       It affects your intelligence (+4).
   Slay:      It affects your accuracy & damage with ranged weapons and melee
   (+2).
   rN:        It protects you from negative energy.
   MP:        It affects your magic capacity (+9).
   rCorr:     It protects you from acid and corrosion.
 w - a ring of flight
 J - the ring "Amimn" (left hand) {rF+ AC+4 Dex+4}
   (You bought it in a shop on level 2 of the Orcish Mines)

   [ring of protection]

   AC:        It affects your AC (+4).
   Dex:       It affects your dexterity (+4).
   rF:        It protects you from fire.
 P - a ring of willpower
 T - an amulet of regeneration (around neck)
Wands
 g - a wand of paralysis (16)
 m - a wand of flame (30)
 N - a wand of mindburst (42)
 O - a wand of iceblast (19)
 S - a wand of digging (8)
 U - a wand of charming (26)
Scrolls
 l - 4 scrolls of vulnerability
 q - 3 scrolls of brand weapon {unknown}
 u - 3 scrolls of magic mapping
 D - 6 scrolls of fear
 M - 3 scrolls of silence {unknown}
 X - 2 scrolls of fog
Potions
 d - 4 potions of might
 j - 6 potions of curing
 p - 5 potions of lignification
 G - a potion of cancellation
 Z - 2 potions of resistance
Miscellaneous
 r - a condenser vane (inert)
 K - a tin of tremorstones (2/2)
 Q - a lightning rod (4/4)


   Skills:
 + Level 13.6 Fighting
 - Level 6.0 Short Blades
 + Level 11.0 Maces & Flails
 - Level 9.0 Armour
 - Level 6.0 Dodging
 - Level 9.0 Stealth
 - Level 9.0 Shields
 - Level 6.0 Spellcasting
 - Level 3.0 Conjurations
 - Level 6.0 Transmutations
 - Level 3.0 Air Magic
 - Level 15.0 Earth Magic
 - Level 12.5 Poison Magic
 - Level 9.0 Invocations
 - Level 6.0 Evocations


You had 8 spell levels left.
You knew the following spells:

 Your Spells              Type           Power      Damage    Failure   Level
a - Sandblast             Erth           100%       2d20      1%          1
c - Mephitic Cloud        Conj/Pois/Air  30%        N/A       3%          3
d - Lee's Rapid Deconstr  Erth           30%        3d17*     1%          5
t - Olgreb's Toxic Radia  Pois           54%        N/A       1%          4
w - Passwall              Tmut/Erth      40%        N/A       1%          2
x - Sting                 Tmut/Pois      100%       1d8       1%          1
y - Petrify               Tmut/Erth      48%        N/A       1%          4

Your spell library contained the following spells:

 Spells                   Type           Power      Damage    Failure   Level
 Poisonous Vapours        Pois/Air       74%        N/A       1%          2
 Wereblood                Tmut           30%        N/A       1%          2
 Stone Arrow              Conj/Erth      84%        3d12      1%          3
 Leda's Liquefaction      Hex/Erth       18%        N/A       6%          4
 Freeze                   Ice            24%        1d5       13%         1
 Sublimation of Blood     Necr           3%         N/A       19%         2
 Statue Form              Tmut/Erth      32%        N/A       26%         6
 Bolt of Magma            Conj/Fire/Erth 15%        4d9       30%         5
 Call Canine Familiar     Summ           6%         N/A       36%         3
 Frozen Ramparts          Ice            12%        1d3       36%         3
 Portal Projectile        Hex/Tloc       12%        N/A       36%         3
 Ice Form                 Ice/Tmut       18%        N/A       36%         4
 Irradiate                Conj/Tmut      12%        3d17      50%         5
 Cause Fear               Hex            3%         N/A       77%         4
 Summon Ice Beast         Ice/Summ       6%         N/A       77%         4
 Freezing Cloud           Conj/Ice/Air   7%         6-21      83%         5
 Metabolic Englaciation   Hex/Ice        3%         N/A       98%         5
 Simulacrum               Ice/Necr       3%         N/A       100%        6
 Dragon Form              Tmut           15%        N/A       100%        7
 Summon Hydra             Summ           3%         N/A       100%        7
 Dragon's Call            Summ           3%         N/A       100%        9
 Polar Vortex             Ice            3%         N/A       100%        9
 Shatter                  Erth           30%        3d25*     100%        9


Dungeon Overview and Level Annotations

Branches:
Dungeon (13/15)            Temple (1/1) D:4            Lair (6/6) D:11
  Swamp (4/4) Lair:4        Snake (0/4) Lair:4        Slime (0/5) Lair:6
    Orc (2/2) D:12            Elf (0/3) Orc:2        Vaults (0/5) D:13
 Bailey (visited)

Altars:
Ashenzari
Cheibriados
Dithmenos
Elyvilon
Fedhas
Gozag
Hepliaklqana
Kikubaaqudgha
Makhleb
Nemelex Xobeh
Okawaru
Qazlal
Ru
Sif Muna
Trog
Uskayaw
Vehumet
Wu Jian
Xom
Yredelemnul
Zin
The Shining One
Beogh
Jiyva

Shops:
D:7 =   Orc:2 ([*=

Portals:
Abyss: Lair:1

Annotations:
D:7 3 runed translucent doors, Fractals's ghost, novice OgWz
D:9 1 runed translucent door, DemonSlayer's ghost, novice DECj
D:10 exclusion: door
Lair:1 2 transporters, DrStoges's ghost, novice DEFE
Lair:3 2 transporters, Fuxod's ghost, journeyman GnWn
Lair:4 2 transporters, Kyusiynim's ghost, journeyman GnEn
Swamp:1 1 runed translucent door, Aldia's ghost, adept FoAK
Swamp:3 Jorgrun; Mara


Innate Abilities, Weirdness & Mutations

Your life essence is reduced to manifest your ancestor. (-10% HP)
You cannot be hasted, slowed, berserked, paralysed or teleported.
You can dig through walls and to a lower floor.
You have a pair of large antennae on your head. (SInv)
Your four strong arms can wield two-handed weapons with a shield.


Message History

You block the alligator's attack. 2 foxfires come into view.
Press: ? - help, v - describe, . - travel
Here: an alligator (severely wounded, covering ground quickly, petrifying slowly, lightly drained)
The floor, spattered with blood.
The roots' grasp on you weakens, but your attempt to escape fails.
The alligator seems less drained.
The foxfire hits you! You resist.
* * * LOW HITPOINT WARNING * * *
The foxfire hits you! You resist.
* * * LOW HITPOINT WARNING * * *
The will-o-the-wisp engulfs you but does no damage.
The roots lose their grip on you. The alligator closely misses you.
You block the alligator's attack.
You feel better.
The will-o-the-wisp gestures.
The will-o-the-wisp conjures some foxfire!
The alligator bites you!
* * * LOW HITPOINT WARNING * * *
The alligator tail-slaps you but does no damage. 2 foxfires come into view.
Enter note: - crap You feel better.
The foxfire hits you. You resist.
* * * LOW HITPOINT WARNING * * *
You block the alligator's attack.
The alligator tail-slaps you but does no damage.
The will-o-the-wisp gestures.
The will-o-the-wisp conjures some foxfire! 2 foxfires come into view.
Casting: Petrify (mildly dangerous; 1% risk of failure)
Confirm with . or Enter, or press ? or * to list all spells.
Aiming: Sandblast (safe; 1% risk of failure)
Press: ? - help, Shift-Dir - straight line, f - Jorgrun, p - alligator
Aim: Jorgrun, wielding a staff of earth and wearing a +0 robe (almost dead, lightly drained, 73% to hit)
The blast of sand hits Jorgrun!
Jorgrun is almost dead.
t - 227 stones The alligator stops moving altogether!
The foxfire hits you. You resist.
* * * LOW HITPOINT WARNING * * *
The foxfire hits you. You resist.
You die...

** **♣** ,****,.≈♣* ****♣♣
≈≈**,≈≈≈.♣♣♣♣♣♣♣ *≈≈≈.♣
≈,*,,≈≈≈......≈♣♣♣ **,≈≈♣
≈,*,,,..≈.§≈<.≈§.♣♣♣ ♣♣♣..♣
≈,,,**♣≈..≈≈≈.≈≈≈..♣♣♣♣≈...♣
,≈≈,* ♣≈≈≈§....≈≈§<≈♣♣..≈≈≈♣
***** ♣♣≈≈§≈≈..g§.....≈≈≈..♣♣♣
≈* ♣..≈[§g<♣@≈≈§..≈≈≈≈≈≈≈♣ **
*♣.♣.≈≈.≈tvv≈§..≈......♣ *
***♣≈,♣♣♣≈≈.§§§≈≈.≈≈...≈≈≈♣♣
*≈*♣,,**♣♣♣♣.§v...≈≈≈..≈≈≈.♣
** *≈,,,,,*
♣♣.>.§≈≈.≈..≈....♣♣
.♣♣♣♣....♣* ♣≈§≈≈§...≈♣≈.≈..≈♣
.(♣..≈...♣* ♣≈≈≈§§.......≈≈..♣
....§≈≈..,* ♣.≈≈≈≈....≈≈≈≈≈≈.♣
....§≈.≈♣♣♣♣♣§≈≈≈..≈.≈.≈≈≈...♣
...≈≈≈≈..♣♣.g.≈♣♣♣...♣.≈≈≈..≈♣
...≈≈../.§g≈≈≈.♣ ♣♣♣♣♣♣...≈.♣♣


You could see Jorgrun (drained), an alligator (swift, petrified) and a
will-o-the-wisp.

Vanquished Creatures
  A tentacled monstrosity (Swamp:2)
  2 orc warlords
  2 bunyips
  2 eleionomae
  2 boulder beetles (D:12)
  2 centaur warriors
  3 alligators
  A catoblepas (Lair:6)
  12 hydras
  An ogre mage (D:13)
  4 death knights
  3 two-headed ogres
  13 death yaks
  A deep troll shaman (Lair:6)
  3 orc high priests (Orc:2)
  4 skeletal warriors
  A goliath frog (Swamp:1)
  3 spriggan druids
  3 swamp dragons
  3 orc knights (Orc:2)
  An ugly thing (D:12)
  4 will-o-the-wisps
  4 orc sorcerers (Orc:2)
  A manticore (D:11)
  3 black mambas
  19 elephants
  10 cane toads
  4 gargoyles
  3 yaktaurs (D:13)
  2 unseen horrors
  9 komodo dragons
  2 rime drakes
  2 kobold demonologists (D:13)
  2 tormentors (D:11)
  4 trolls
  10 tyrant leeches
  4 polar bears (Lair:6)
  Grinder (D:6)
  4 hornets
  4 slime creatures
  40 blink frogs
  A vampire (D:12)
  3 spriggans
  2 wraiths (D:11)
  20 yaks
  5 wyverns
  Grum (D:8)
  A basilisk (shapeshifter) (D:12)
  3 steam dragons
  2 basilisks
  A chaos spawn (Swamp:2)
  3 vampire mosquitoes
  Edmund (D:4)
  A naga (Lair:4)
  7 swamp worms
  3 acid dragons
  Duvessa (D:7)
  8 water moccasins
  2 sky beasts
  2 swamp drakes
  An ice beast (D:6)
  22 orc warriors
  A black bear (D:5)
  2 necrophages
  10 wolves
  6 ogres
  4 centaurs
  A phantom (D:7)
  5 kobold brigands
  7 bullfrogs
  A scorpion (D:4)
  A gnoll sergeant (D:8)
  A water moccasin zombie (D:5)
  2 hexers
  Dowan (D:7)
  10 killer bees
  9 wights
  2 howler monkeys
  2 electric eels
  6 hounds
  2 centaur zombies
  2 gnoll shamans
  21 orc priests
  A bullfrog skeleton (D:4)
  4 iguanas
  23 orc wizards
  6 centaur skeletons
  6 hell rats (Lair:5)
  A scorpion zombie (D:5)
  A howler monkey zombie (D:11)
  Robin (D:4)
  9 adders
  17 gnolls
  A shadow imp (D:6)
  3 ufetubi
  3 dart slugs
  67 orcs
  12 bats
  6 endoplasms
  4 giant cockroaches
  21 goblins
  10 hobgoblins
  5 jackals (D:4)
  2 quokkas (D:3)
  5 ball pythons
  5 frilled lizards
  32 kobolds
  3 rats
633 creatures vanquished.

Vanquished Creatures (collateral kills)
  A spriggan air mage (Swamp:3)
  3 hydras
  2 death knights (D:11)
  A two-headed ogre (D:13)
  2 death yaks
  2 goliath frogs
  A skeletal warrior (D:8)
  A spriggan druid (Swamp:1)
  An orc sorcerer (Orc:2)
  An oklob plant (Orc:2)
  A cyclops (D:11)
  A will-o-the-wisp (Swamp:2)
  Maurice (D:10)
  7 elephants (Lair:6)
  3 centaur zombies (D:11)
  Joseph (D:10)
  A black mamba (Lair:3)
  5 cane toads
  2 rime drakes
  4 komodo dragons
  A yaktaur (D:13)
  2 hornets (Swamp:1)
  A troll (D:10)
  A tyrant leech (Swamp:3)
  16 blink frogs
  2 slime creatures (D:13)
  3 wyverns
  3 spriggans
  5 yaks
  A vampire (D:10)
  2 swamp worms
  5 water moccasins
  A swamp drake (Swamp:1)
  9 orc warriors
  6 wolves
  A centaur (D:11)
  2 kobold brigands
  5 bullfrogs
  A killer bee (D:10)
  A wight (D:8)
  2 howler monkeys
  7 orc priests (Orc:2)
  A hell rat (Lair:5)
  4 orc wizards (Orc:2)
  2 gnolls
  6 orcs
131 creatures vanquished.

Vanquished Creatures (others)
  5 bloated husks
  24 hexers
  An orc (D:7)
  A briar patch (Swamp:3)
  42 foxfires
  58 fungi
  170 plants
301 creatures vanquished.

Grand Total: 1065 creatures vanquished

Notes
Turn   | Place    | Note
-------+----------+-------------------------------------------
     0 | D:1      | grimtooth the Formicid Venom Mage began the quest for the
                  | Orb.
     0 | D:1      | Reached XP level 1. HP: 13/13 MP: 3/3
   247 | D:1      | Reached XP level 2. HP: 20/20 MP: 3/5
   335 | D:1      | Reached skill level 1 in Fighting
   786 | D:1      | Learned a level 1 spell: Sandblast
   849 | D:2      | Reached skill level 5 in Poison Magic
   849 | D:2      | Reached XP level 3. HP: 24/26 MP: 3/6
  1605 | D:2      | Reached XP level 4. HP: 33/33 MP: 5/7
  2236 | D:3      | Found a faded altar of an unknown god.
  2443 | D:3      | Found an opulent altar of Gozag.
  2477 | D:3      | Noticed a sky beast
  2507 | D:3      | Killed a sky beast
  2508 | D:3      | Reached XP level 5. HP: 23/41 MP: 0/8
  2884 | D:3      | Reached XP level 6. HP: 47/47 MP: 9/9
  2971 | D:3      | Reached skill level 1 in Earth Magic
  3051 | D:4      | Reached skill level 2 in Earth Magic
  3404 | D:4      | Reached XP level 7. HP: 49/52 MP: 4/10
  3638 | D:4      | Noticed Robin
  3680 | D:4      | Killed Robin
  3806 | D:4      | Found a staircase to the Ecumenical Temple.
  3887 | Temple   | Entered the Ecumenical Temple
  3997 | D:4      | Noticed Edmund
  4063 | D:3      | Learned a level 4 spell: Olgreb's Toxic Radiance
  4128 | D:4      | Found a glowing silver altar of Zin.
  4603 | D:4      | Killed Edmund
  4604 | D:4      | Reached skill level 3 in Earth Magic
  4632 | D:5      | Entered Level 5 of the Dungeon
  4705 | D:5      | Reached skill level 4 in Earth Magic
  4780 | D:5      | Reached XP level 8. HP: 49/58 MP: 7/12
  5112 | D:5      | Reached skill level 5 in Earth Magic
  5113 | D:5      | - i forgot to worship
  5209 | Temple   | Became a worshipper of Hepliaklqana the Forgotten
  5651 | D:6      | Reached skill level 6 in Earth Magic
  6149 | D:6      | Reached skill level 7 in Earth Magic
  6165 | D:6      | Reached XP level 9. HP: 44/63 MP: 9/15
  6383 | D:6      | Noticed Grinder
  6501 | D:6      | Reached skill level 8 in Earth Magic
  7328 | D:7      | Reached skill level 5 in Transmutations
  7353 | D:7      | Reached skill level 9 in Earth Magic
  7441 | D:7      | Found a flagged portal.
  7521 | D:7      | Learned a level 3 spell: Mephitic Cloud
  7527 | D:7      | Learned a level 5 spell: Lee's Rapid Deconstruction
  7552 | Bailey   | Entered a bailey
  7573 | Bailey   | Noticed an orc warlord
  7722 | Bailey   | Reached skill level 5 in Fighting
  7745 | Bailey   | Found a runed translucent gate.
  7753 | Bailey   | Found a runed translucent gate.
  7755 | Bailey   | Found a runed translucent gate.
  8019 | Bailey   | Killed an orc warlord
  8020 | Bailey   | Reached skill level 1 in Invocations
  8020 | Bailey   | Reached XP level 10. HP: 13/76 MP: 14/16
  8338 | Bailey   | Reached skill level 12 in Earth Magic
  8338 | Bailey   | Reached XP level 11. HP: 81/81 MP: 17/17
  8339 | Bailey   | Reached skill level 5 in Invocations
  8339 | Bailey   | Reached XP level 12. HP: 88/88 MP: 18/18
  8378 | D:7      | Noticed Duvessa
  8378 | D:7      | Noticed Dowan
  8437 | D:7      | Found a runed translucent gate.
  8437 | D:7      | Found a runed translucent gate.
  8437 | D:7      | Found a runed translucent gate.
  8437 | D:7      | Noticed Fractals's ghost (novice OgWz)
  8510 | D:7      | Found a glowing golden altar of the Shining One.
  8512 | D:7      | Noticed an angel
  8693 | D:7      | Found a basalt altar of Yredelemnul.
  8696 | D:7      | Noticed a profane servitor
  8827 | D:8      | Reached * piety under Hepliaklqana
  8875 | D:8      | Noticed a skeletal warrior
  8938 | D:8      | Found a burning altar of Makhleb.
  9047 | D:8      | Noticed Grum
  9056 | D:8      | Killed Grum
  9352 | D:8      | Found a bloodstained altar of Trog.
  9737 | D:8      | Noticed a skeletal warrior
  9836 | D:8      | Found a white marble altar of Elyvilon.
 10225 | D:6      | Killed Grinder
 10394 | D:9      | Noticed a two-headed ogre
 10401 | D:9      | Killed a two-headed ogre
 10537 | D:9      | Noticed DemonSlayer's ghost (novice DECj)
 10540 | D:9      | Found a runed translucent door.
 10650 | D:9      | Found a snail-covered altar of Cheibriados.
 10786 | D:9      | Found a shadowy altar of Dithmenos.
 10829 | D:9      | Reached ** piety under Hepliaklqana
 10912 | D:9      | Remembered your ancestor Qinisela as a hexer
 10922 | D:10     | Entered Level 10 of the Dungeon
 11364 | D:10     | Noticed Maurice
 11371 | D:10     | Killed Maurice
 11467 | D:10     | Noticed Joseph
 11475 | D:10     | Killed Joseph
 11866 | D:10     | Identified the +2 robe of the Saviour {Regen+ Dex+2 Stlth+}
 11889 | D:10     | Reached XP level 13. HP: 38/88 MP: 0/19
 12104 | D:10     | Found a sparkling altar of Nemelex Xobeh.
 12126 | D:10     | Found a shimmering altar of Xom.
 12181 | D:10     | Found a stormy altar of Qazlal.
 12211 | D:10     | Found a blossoming altar of Fedhas.
 12255 | D:10     | Noticed a six-headed hydra
 12255 | D:10     | Noticed a four-headed hydra
 12255 | D:10     | Noticed a six-headed hydra
 12268 | D:10     | Noticed a centaur warrior
 12284 | D:10     | Killed a centaur warrior
 12726 | D:11     | Identified a scroll of acquirement
 12838 | D:11     | Reached skill level 1 in Shields
 13094 | D:11     | Reached *** piety under Hepliaklqana
 13141 | D:11     | Found a staircase to the Lair.
 13789 | D:8      | Reached skill level 5 in Shields
 14086 | D:7      | Killed Dowan
 14089 | D:7      | Killed Duvessa
 14092 | D:7      | Found Regreng's Jewellery Emporium.
 14138 | D:7      | Learned a level 2 spell: Passwall
 14255 | Lair:1   | Entered Level 1 of the Lair of Beasts
 14425 | Lair:1   | Found a radiant altar of Vehumet.
 14435 | Lair:1   | Learned a level 4 spell: Petrify
 14595 | Lair:1   | Reached skill level 13 in Earth Magic
 14607 | Lair:1   | Noticed a five-headed hydra
 14612 | Lair:1   | Killed a five-headed hydra
 15027 | Lair:1   | Found a transporter.
 15030 | Lair:1   | Found a one-way gate to the infinite horrors of the Abyss.
 15030 | Lair:1   | Noticed DrStoges's ghost (novice DEFE)
 15049 | Lair:1   | Found a transporter.
 15369 | Lair:2   | Reached **** piety under Hepliaklqana
 15511 | Lair:2   | Got Tyumash's Collected Works on the Icy Rocks
 16015 | Lair:3   | Reached skill level 5 in Spellcasting
 16015 | Lair:3   | Reached skill level 14 in Earth Magic
 16124 | Lair:3   | Reached ***** piety under Hepliaklqana
 16168 | Lair:3   | Reached XP level 14. HP: 97/97 MP: 18/21
 16694 | Lair:3   | Found a transporter.
 16698 | Lair:3   | Found a transporter.
 16719 | Lair:3   | Noticed Fuxod's ghost (journeyman GnWn)
 16831 | Lair:3   | Reached skill level 15 in Earth Magic
 17895 | Lair:4   | Found a staircase to the Snake Pit.
 18003 | Lair:4   | Reached skill level 5 in Dodging
 18145 | Lair:4   | Found a transporter.
 18155 | Lair:4   | Found a transporter.
 18166 | Lair:4   | Noticed Kyusiynim's ghost (journeyman GnEn)
 18382 | Lair:4   | Found a bloodstained altar of Trog.
 18715 | Lair:4   | Found a staircase to the Swamp.
 19047 | Lair:5   | You are sucked into a shaft and drop 1 floor!
 19047 | Lair:6   | Entered Level 6 of the Lair of Beasts
 19069 | Lair:6   | Reached XP level 15. HP: 99/101 MP: 11/24
 19143 | Lair:6   | Reached skill level 1 in Conjurations
 19153 | Lair:6   | Reached skill level 1 in Air Magic
 19869 | Lair:5   | Reached skill level 1 in Short Blades
 20655 | Lair:5   | Reached skill level 5 in Short Blades
 21255 | Lair:6   | Found a staircase to the Slime Pits.
 21255 | Lair:6   | Found a viscous altar of Jiyva.
 21383 | Lair:6   | Reached skill level 10 in Fighting
 22032 | Lair:6   | Reached XP level 16. HP: 83/111 MP: 5/25
 23206 | D:12     | Found a staircase to the Orcish Mines.
 24043 | Orc:1    | Entered Level 1 of the Orcish Mines
 24457 | Orc:2    | Entered Level 2 of the Orcish Mines
 25002 | Orc:2    | Found a staircase to the Elven Halls.
 25260 | Orc:2    | Reached skill level 1 in Evocations
 25964 | Orc:2    | Found Dijak's Antique Armour Shoppe.
 25965 | Orc:2    | Found Xirchen Adeo's Antique Weapon Emporium.
 25967 | Orc:2    | Found Kanoj's General Store.
 25967 | Orc:2    | Found Sokhaukkaa's Jewellery Shoppe.
 26033 | Orc:2    | Bought a scroll of identify for 28 gold pieces
 26033 | Orc:2    | Bought a scroll of identify for 28 gold pieces
 26044 | Orc:2    | Bought an ivory dagger for 203 gold pieces
 26044 | Orc:2    | Identified the +4 dagger "Japleziw" {antimagic, rPois rN+
                  | Dex+4} (You bought it in a shop on level 2 of the Orcish
                  | Mines)
 26054 | Orc:2    | Bought the ring "Amimn" {rF+ AC+4 Dex+4} for 817 gold
                  | pieces
 26516 | D:11     | Acquired the ring "Uxealoah" {rN+ rCorr MP+9 Int+4 Slay+2}
 27069 | D:11     | - careless...
 27234 | D:11     | Identified the +1 chain mail of Qyazad {rN+}
 27236 | D:11     | Identified the +3 scale mail of Bitterness {*Corrode rC+
                  | Int+4}
 27361 | D:13     | Found a stormy altar of Qazlal.
 27394 | D:13     | Reached skill level 5 in Evocations
 27618 | D:13     | Reached ****** piety under Hepliaklqana
 28150 | D:13     | Reached XP level 17. HP: 119/119 MP: 26/26
 28172 | D:13     | Found a gate to the Vaults.
 28525 | Swamp:1  | Entered Level 1 of the Swamp
 28525 | Swamp:1  | Found a runed translucent door.
 28526 | Swamp:1  | Noticed Aldia's ghost (adept FoAK)
 28579 | Swamp:1  | Found a burning altar of Makhleb.
 29375 | Swamp:2  | Reached skill level 10 in Maces & Flails
 29463 | Swamp:2  | You fall into a shaft and drop 1 floor!
 29580 | Swamp:3  | Noticed a thorn hunter
 29585 | Swamp:3  | Noticed Mara
 29802 | Swamp:3  | You are sucked into a shaft and drop 1 floor!
 29802 | Swamp:4  | Entered Level 4 of the Swamp
 29890 | Swamp:3  | Noticed Jorgrun
 30298 | Swamp:2  | Noticed a tentacled monstrosity
 30316 | Swamp:2  | Killed a tentacled monstrosity
 30591 | Swamp:3  | HP: 1/124 [alligator (17)]
 30592 | Swamp:3  | - crap
 30593 | Swamp:3  | Killed from afar by a will-o-the-wisp

Illustrated notes ######### ........# ........# ........############## ..>....@'............# ........############.## ......).#......# #..# ........#.####.# ##.## ##+######....#.# #..# #.# ####.#.# ##.# #.#########'#.# #.# #.............# #.# #.#...........# #.# #.#...........#### #.. #.#....####......# ##. Turn 5113 on D:5: - i forgot to worship ####.... .......# ##### ........ #...#.###... p....#. #####...#..##.. .. .....#. #...#...#....# #.. ... #. #...#..)#....###### #. #...#...#....##}.$# #. ##......#.....#!.$( #. ######......#.p..)#.$.? #. #...........#.@R.[##|$$ #. #...........#.(..[[#### #. #...........#......)..# { #. ###.........#..(....... #. ##.........#.......... #. #........)............ #. #..........).......... #. ###.............###############. #............................... ##............................... ................................. Turn 27069 on D:11: - careless...

** **♣** ,****,.≈♣* ****♣♣
≈≈**,≈≈≈.♣♣♣♣♣♣♣ *≈≈≈.♣
≈,*,,≈≈≈......≈♣♣♣ **,≈≈♣
≈,*,,,..≈.§≈<.≈≈.♣♣♣ ♣♣♣..♣
≈,,,**♣≈..≈≈≈.≈≈≈..♣♣♣♣≈...♣
,≈≈,* ♣≈≈≈§....≈≈.<≈♣♣..≈≈≈♣
***** ♣♣≈≈§≈≈.........≈≈≈..♣♣♣
≈* ♣..≈[§g{♣@≈≈≈..≈≈≈≈≈≈≈♣ **
*♣.♣.≈≈.≈tv≈≈≈..≈......♣ *
***♣≈,♣♣♣≈≈.v.v≈≈.≈≈...≈≈≈♣♣
*≈*♣,,**♣♣♣♣......≈≈≈..≈≈≈.♣
** *≈,,,,,*
♣♣.>..≈≈.≈..≈....♣♣
.♣♣♣♣....♣* ♣≈≈≈≈....≈♣≈.≈..≈♣
.(♣..≈...♣* ♣§≈≈≈≈.......≈≈..♣
....§≈≈..,* ♣.≈≈≈≈....≈≈≈≈≈≈.♣
....§≈.≈♣♣♣♣♣§≈≈≈..≈.≈.≈≈≈...♣
...≈≈≈≈..♣♣.g.≈♣♣♣...♣.≈≈≈..≈♣
...≈≈../.§g≈≈≈.♣ ♣♣♣♣♣♣...≈.♣♣


Turn 30592 on Swamp:3: - crap

Levels and vault maps discovered:
D:1:      dpeg_arrival_pond, layout_basic
D:2:      layout_loops_ring, amcnicky_mini_pool_small, hex_large
D:3:      layout_basic, grunt_gozag_statues, basic_ecumenical_altar
D:4:      layout_rooms, zin_treasury, temple_pool_b, kennysheep_cross_room,
          nrook_loot_triangle, uniq_edmund, uniq_robin
D:5:      layout_basic
D:6:      cheibrodos_helix_gallery, layout_loops_corners, serial_aquarium,
          aquarium_bridge_long_separate [aquarium_subvault_wall,
          aquarium_subvault_bridge, aquarium_subvault_bridge,
          aquarium_subvault_wall, aquarium_subvault_bridge,
          aquarium_subvault_window], aquarium_window_corner,
          aquarium_window_fake, aquarium_window_1, aquarium_view_2c,
          uniq_grinder
D:7:      layout_rooms, grunt_temple_overflow_holy_war, enter_bailey_5,
          serial_shops, kennysheep_mini_moat, gammafunk_ghost_necromancy,
          uniq_duvessa
D:8:      layout_loops_corners, trog_antimagical,
          mainiacjoe_overflow_small_starburst, lemuel_doored_altar,
          serial_glass, glass_columns_a, glass_columns_a, due_unseen_surprise,
          item_on_display_a, feat_on_display, grunt_tough_drop, uniq_grum
D:9:      layout_rooms, cheibriados_altar_1, nicolae_dithmenos_shadow_blocks,
          hellmonk_ghost_happy_afterlife, serial_glass, glass_columns_c,
          glass_columns_a, minmay_misc_feat_five
D:10:     layout_roguey, nicolae_overflow_quartered_altars,
          minmay_shattered_shrine, uniq_joseph, uniq_maurice
D:11:     cheibrodos_tormentor_scu, layout_cross, david_lair_shrubbed,
          serial_glass, glass_columns_a, glass_columns_b, glass_columns_a,
          glass_columns_b, glass_columns_c, glass_columns_c, glass_columns_a,
          glass_columns_b
D:12:     layout_basic, hiddenorc1_lemuel, chequers_arboretum
D:13:     layout_loops_ring, hangedman_vaults_entry_quadrant_bands,
          nicolae_qazlal_scattered_showers
Temple:   kb_temple_of_zot
Lair:1:   layout_chaotic_city, gammafunk_ghost_abyssal_escape, basic_altar,
          st_stairs_13
Lair:2:   layout_loops_ring
Lair:3:   layout_loops_ring, gammafunk_ghost_hive,
          chequers_serial_rivers_large_a, infiniplex_staircase_pool_2,
          grunt_megastairs_4
Lair:4:   layout_misc_corridors, minmay_swamp_entry_worms,
          guppyfry_snake_entry_island, gammafunk_ghost_wrathful_warriors,
          serial_bayou_lagoon_a
Lair:5:   layout_cellular_growth, eino_small_chamber_without_monster,
          serial_bayou_shore_a, infiniplex_staircase_pool
Lair:6:   grunt_lair_end_beastmaster, layout_hall_layers, slime_altar_1,
          hibernation_bobbens, serial_bayou_shore_b, lemuel_fruit_tree,
          grunt_megastairs_5
Swamp:1:  layout_falls_marsh, ebering_ghost_inner_flame, basic_altar
Swamp:2:  layout_falls_marsh, nicolae_swamp_some_circles
Swamp:3:  layout_basic_swamp, evilmike_swamp_ruin_rubble_2, uniq_jorgrun,
          uniq_mara
Swamp:4:  nzn_swamp_witches_coven, layout_basic_swamp, swamp_pool5
Orc:1:    layout_caves
Orc:2:    st_orc_congregation, layout_diamond_mine, basic_altar, mines3_lemuel

Skill      XL: |  1  2  3  4  5  6  7  8  9 10 11 12 13 14 15 16 17 |
---------------+----------------------------------------------------+-----
Fighting       | 1 3 6 8 9 10 12 13 | 13.6
Poison Magic   | 5 7 8 9 12 | 12.5
Earth Magic    | 2 4 7 9 12 14 15 | 15.0
Transmutations | 2 4 6 |  6.0
Spellcasting   | 4 5 6 |  6.0
Armour         | 6 9 |  9.0
Stealth        | 3 6 9 |  9.0
Invocations    | 1 5 6 9 |  9.0
Maces & Flails | 6 8 9 11 | 11.0
Shields        | 6 9 |  9.0
Dodging        | 6 |  6.0
Conjurations   | 3 |  3.0
Air Magic      | 3 |  3.0
Short Blades   | 6 |  6.0
Evocations     | 6 |  6.0

Action                   |  1- 3 |  4- 6 |  7- 9 | 10-12 | 13-15 | 16-18 || total
-------------------------+-------+-------+-------+-------+-------+-------++-------
Melee: Dagger            |    35 |    63 |   166 |    98 |   754 |   347 ||  1463
       Dire flail        |       |       |       |       |    20 |   216 ||   236
Throw: Dart              |       |    24 |    66 |    10 |    18 |    25 ||   143
 Cast: Sting             |    46 |    44 |    72 |    23 |    19 |       ||   204
       Sandblast         |     3 |     6 |    75 |    46 |   112 |    92 ||   334
       Olgreb's Toxic Ra |       |       |    34 |    21 |    72 |    34 ||   161
       Lee's Rapid Decon |       |       |       |     9 |    78 |    55 ||   142
       Mephitic Cloud    |       |       |       |     1 |       |     4 ||     5
       Petrify           |       |       |       |       |    34 |    52 ||    86
       Passwall          |       |       |       |       |       |     1 ||     1
Invok: Ancestor Life: He |       |       |       |     1 |       |       ||     1
       Recall Ancestor   |       |       |       |       |     5 |     1 ||     6
       Transference      |       |       |       |       |     4 |     2 ||     6
       Idealise          |       |       |       |       |     1 |     1 ||     2
 Abil: Dig               |       |       |     6 |     3 |    21 |    12 ||    42
       Shaft Self        |       |       |       |       |       |     2 ||     2
Evoke: Wand              |       |       |     3 |     6 |     8 |     6 ||    23
       Tin of tremorston |       |       |       |       |     2 |       ||     2
       Condenser vane    |       |       |       |       |       |     1 ||     1
  Use: Potion            |     1 |       |     3 |     3 |     1 |    11 ||    19
       Scroll            |       |     1 |     7 |     1 |     5 |    12 ||    26
 Stab: Sleeping          |     1 |       |     1 |     4 |     9 |     7 ||    22
       Confused          |       |       |       |     4 |    11 |     9 ||    24
       Distracted        |       |       |       |     1 |     8 |     2 ||    11
       Petrified         |       |       |       |       |    44 |    41 ||    85
       Petrifying        |       |       |       |       |     5 |    12 ||    17
       Paralysed         |       |       |       |       |    24 |    27 ||    51
Armor: Robe              |    11 |    33 |    84 |       |       |       ||   128
       Steam dragon scal |       |       |    25 |    90 |   411 |    10 ||   536
       Acid dragon scale |       |       |       |       |       |   183 ||   183
Dodge: Dodged            |    27 |    49 |   143 |   125 |   509 |   218 ||  1071
Block: Buckler           |       |       |       |       |   164 |     8 ||   172
       Kite shield       |       |       |       |       |       |   266 ||   266
